 Seeded DCSS version 0.28.0-53-g5a82cb258f (webtiles) character file.

Game seed: 10077074884737061911 (custom seed)

1876 valliere the Stinger (level 8, -20/63 HPs)
             Began as a Demigod Venom Mage on Oct 30, 2022.
             Shot with an arrow by a centaur warrior (21 damage)
             ... on level 10 of the Dungeon.
             The game lasted 00:18:02 (6969 turns).

valliere the Stinger (Demigod Venom Mage)           Turns: 6969, Time: 00:18:02

Health: -20/63     AC: 10    Str: 18    XL:     8   Next: 60%
Magic:  6/16       EV: 13    Int: 21    God:
Gold:   266        SH:  5    Dex: 14    Spells: 6/14 levels left

rFire   . . .      SeeInvis .   f - +0 staff of Battle
rCold   + . .      Faith    .   (no shield)
rNeg    . . .      Spirit   .   d - +0 leather armour
rPois   +          Reflect  +   C - +1 hat
rElec   .          Harm     .   t - +2 cloak
rCorr   +          Rampage  .   g - +2 pair of gloves of the Camelopard {rPois rC+ Slay+3}
Will    .....                   (no boots)
Stlth   +++.......              a - amulet of Timokerph {Reflect Str+5 SH+5 Stlth+}
HPRegen 0.20/turn               k - ring of flight
MPRegen 0.15/turn               x - ring of resist corrosion

@: flying, very slightly contaminated
A: high MP 1, forlorn, divine attributes
a: no special abilities


You were on level 10 of the Dungeon.
You visited 1 branch of the dungeon, and saw 8 of its levels.

You collected 266 gold pieces.

Inventory:

Hand Weapons
 f - the +0 staff of Battle (weapon)
   (You acquired it on level 4 of the Dungeon)

   It enhances your conjuration magic.
   It summons a battlesphere in combat, with strength depending on Conjurations
   skill.
   Its strikes trigger the battlesphere's blasts.
 i - a +0 dagger of venom
Missiles
 p - a throwing net
Armour
 d - a +0 leather armour (worn)
 g - the +2 pair of gloves of the Camelopard (worn) {rPois rC+ Slay+3}
   (You acquired it on level 1 of the Dungeon)

   Slay:      It affects your accuracy & damage with ranged weapons and melee
   (+3).
   rC:        It protects you from cold.
   rPois:     It protects you from poison.
 t - a +2 cloak (worn)
 v - a +0 ring mail
 C - a +1 hat (worn)
Magical Staves
 c - a staff of fire
Jewellery
 a - the amulet of Timokerph (around neck) {Reflect Str+5 SH+5 Stlth+}
   (You acquired it on level 2 of the Dungeon)

   [amulet of reflection]

   It reflects blocked missile attacks.
   Str:       It affects your strength (+5).
   SH:        It affects your SH (+5).
   Stlth:     It makes you more stealthy.
 k - a ring of flight (left hand)
 x - a ring of resist corrosion (right hand)
Wands
 w - a wand of flame (19)
 y - a wand of acid (19)
Scrolls
 e - a scroll of magic mapping {unknown}
 o - a scroll of fear {unknown}
 r - a scroll of enchant armour {unknown}
 u - 4 scrolls of identify {unknown}
Potions
 b - 2 potions of flight {unknown}
 h - 2 potions of brilliance {unknown}
 j - 2 potions of attraction {unknown}
 l - a potion of ambrosia {unknown}
 m - a potion of cancellation {unknown}
 n - 2 potions of heal wounds {unknown}
 q - 2 potions of lignification {unknown}
 s - a potion of degeneration {unknown}
 z - 2 potions of curing {unknown}
 A - a potion of haste {unknown}
 B - a potion of mutation {unknown}


   Skills:
 + Level 3.1 Fighting
 * Level 3.3 Staves
 + Level 3.2 Armour
 + Level 3.7 Dodging
 - Level 1.7 Stealth
 + Level 3.5 Spellcasting
 * Level 3.4 Conjurations
 + Level 3.3 Transmutations
 + Level 2.0 Fire Magic
 + Level 5.2 Poison Magic


You had 6 spell levels left.
You knew the following spells:

 Your Spells              Type           Power      Damage    Failure   Level
a - Sting                 Tmut/Pois      84%        1d7       2%          1
b - Olgreb's Toxic Radia  Pois           25%        N/A       17%         4
c - Ignite Poison         Fire/Tmut/Pois 18%        N/A       11%         3

Your spell library contained the following spells:

 Spells                   Type           Power      Damage    Failure   Level
 Poisonous Vapours        Pois/Air       28%        N/A       8%          2
 Conjure Flame            Conj/Fire      22%        6-21      14%         3
 Mephitic Cloud           Conj/Pois/Air  23%        N/A       14%         3
 Dazzling Flash           Conj/Hex       32%        N/A       22%         3
 Sticky Flame             Conj/Fire      22%        2d4       43%         4
 Iskenderun's Mystic Bla  Conj/Tloc      16%        2d5       58%         4
 Starburst                Conj/Fire      11%        6d5       100%        6


Dungeon Overview and Level Annotations

Branches:
Dungeon (7/15)
 Temple: D:4-7


Innate Abilities, Weirdness & Mutations

You have an increased reservoir of magic. (+10% MP)
You shall have no god before yourself.
Your divine heritage dramatically boosts your attributes as you level up.


Message History

Your toxic aura wanes.
You kill the killer bee!
Your Fire Magic skill increases to level 2!
You swap places.
You see here a killer bee corpse.
Your battlesphere wavers and loses cohesion.
You see here a killer bee corpse.
Found a ring mail.
Found 15 stones.
You conjure a globe of magical energy.
Casting: Ignite Poison (dangerous; 11% risk of failure)
Confirm with . or Enter, or press ? or * to list all spells.
You begin to radiate toxic energy.
The centaur warrior shouts!
The centaur warrior is poisoned.
The centaur warrior wields a +0 longbow.
The centaur warrior shoots an arrow.
The arrow barely misses you.
The centaur warrior looks even sicker.
Your toxic aura wanes.
The centaur warrior shoots an arrow.
The arrow hits you!!
Ouch! That really hurt!
The centaur warrior shoots an arrow.
The arrow hits you!
* * * LOW HITPOINT WARNING * * *
Casting: Olgreb's Toxic Radiance (dangerous; 17% risk of failure)
Confirm with . or Enter, or press ? or * to list all spells.
You miscast Ignite Poison.
You are very lightly contaminated with residual magic.
Nothing appears to happen.
The centaur warrior shoots an arrow.
You reflect the arrow off an invisible shield around you!
The arrow hits the centaur warrior!!
Unknown command.
Casting: Ignite Poison (dangerous; 11% risk of failure)
Confirm with . or Enter, or press ? or * to list all spells.
You ignite the poison in your surroundings!
The centaur warrior seems to burn from within!!
The centaur warrior is almost dead.
The centaur warrior shoots an arrow.
The arrow hits you!!
* * * LOW HITPOINT WARNING * * *
The centaur warrior shoots an arrow.
The arrow hits you!!
You die...

.# .. #. ### .. ###. #.#
#.. ... #c#. #.# #.# ...
#..#####.###.# #.#
#.....#.. ...... ##
#@##.#.# #.#.# #.#
##*#.#.# #...# #.#
##......###.###
#.###.#..#........#
#.#.###...##..##.# #.##
##.###..##.#### ####.##
#.###..##.##.##
#.....####..##..##.....#
#.###....##<##..#####.##


You could see a centaur warrior and a friendly battlesphere.

Vanquished Creatures
  A hornet (D:6)
  Menkaure (D:4)
  An ice beast (D:5)
  A black bear (D:4)
  3 ogres
  A centaur (D:5)
  A kobold brigand (D:10)
  2 scorpions
  A water moccasin zombie (D:5)
  5 killer bees (D:10)
  A wight (D:7)
  A jelly (D:6)
  A bullfrog zombie (D:5)
  A hound (D:7)
  A centaur skeleton (D:5)
  A gnoll shaman (D:7)
  5 iguanas
  A killer bee zombie (D:4)
  12 gnolls
  3 adders
  A shadow imp (D:6)
  A white imp (D:6)
  4 dart slugs
  6 orcs
  4 bats
  10 endoplasms
  5 giant cockroaches
  8 goblins
  6 hobgoblins
  3 jackals (D:1)
  2 quokkas
  6 ball pythons
  3 frilled lizards (D:1)
  15 kobolds
  A quokka skeleton (D:4)
  7 rats
126 creatures vanquished.

Notes
Turn   | Place    | Note
-------+----------+-------------------------------------------
     0 | D:1      | valliere the Demigod Venom Mage began the quest for the
                  | Orb.
     0 | D:1      | Reached XP level 1. HP: 14/14 MP: 5/5
   191 | D:1      | Reached skill level 1 in Transmutations
   448 | D:1      | Reached skill level 3 in Poison Magic
   448 | D:1      | Reached XP level 2. HP: 12/22 MP: 0/7
   643 | D:1      | Identified 3 scrolls of acquirement
   643 | D:1      | Acquired the +2 pair of gloves of the Camelopard {rPois rC+
                  | Slay+3}
  1656 | D:1      | Reached XP level 3. HP: 27/27 MP: 5/8
  1828 | D:2      | Acquired the amulet of Timokerph {Reflect Str+5 SH+5
                  | Stlth+}
  1837 | D:2      | Acquired a staff of fire
  2012 | D:2      | Found the +7 Kryia's mail coat {PotionHeal*2 rC+}
  2552 | D:3      | Reached skill level 1 in Fighting
  2552 | D:3      | Reached skill level 1 in Armour
  2552 | D:3      | Reached XP level 4. HP: 16/35 MP: 4/9
  2557 | D:3      | Learned a level 4 spell: Olgreb's Toxic Radiance
  3389 | D:4      | Reached XP level 5. HP: 40/40 MP: 11/11
  3640 | D:4      | Noticed an ogre
  3658 | D:4      | Killed an ogre
  3659 | D:4      | Reached skill level 4 in Poison Magic
  3850 | D:4      | Noticed Menkaure
  3869 | D:4      | Acquired the +0 staff of Battle
  3869 | D:4      | Found the +0 staff of Battle
  3887 | D:4      | Noticed a black bear
  3899 | D:4      | Killed a black bear
  3900 | D:4      | Reached XP level 6. HP: 15/48 MP: 9/13
  3900 | D:4      | Killed Menkaure
  4166 | D:4      | Reached skill level 1 in Staves
  4166 | D:4      | Reached skill level 1 in Conjurations
  4561 | D:5      | Entered Level 5 of the Dungeon
  4566 | D:5      | Learned a level 3 spell: Ignite Poison
  4597 | D:5      | Reached XP level 7. HP: 50/55 MP: 14/14
  5281 | D:6      | Reached skill level 1 in Fire Magic
  6114 | D:7      | Noticed a hornet
  6136 | D:6      | Killed a hornet
  6137 | D:6      | Reached skill level 5 in Poison Magic
  6137 | D:6      | Reached XP level 8. HP: 18/62 MP: 10/16
  6748 | D:7      | You are sucked into a shaft and drop 3 floors!
  6748 | D:10     | Entered Level 10 of the Dungeon
  6749 | D:10     | Noticed a centaur warrior
  6969 | D:10     | HP: 1/63 [centaur warrior/arrow (18)]
  6969 | D:10     | Shot with an arrow by a centaur warrior

Illustrated notes

Levels and vault maps discovered:
D:1:      erik_arrival_blinker_ship, layout_basic
D:2:      layout_basic, basic_altar, basic_ecumenical_altar
D:3:      layout_basic, mainiacjoe_overflow_tiny_flanked
D:4:      layout_basic, mainiacjoe_overflow_surrounded_room, uniq_menkaure
D:5:      layout_basic, kiku_gazebo_garden_becter,
          worldfamousw_hep_ancestral_shrine, serial_glass, glass_columns_a,
          glass_columns_b, glass_columns_a, glass_columns_b, glass_columns_a,
          glass_columns_a
D:6:      layout_cave_pods, nicolae_dithmenos_the_darkroom, grunt_decor_cap,
          serial_bayou_crossing
D:7:      layout_cave_pools, minmay_temple_entry_large_hall
D:10:     layout_loops_ring, erik_orc_1

Skill      XL: |  1  2  3  4  5  6  7  8 |
---------------+-------------------------+-----
Transmutations | 1 2 3 |  3.3
Poison Magic   | 3 4 5 |  5.2
Spellcasting   | 2 3 |  3.5
Dodging        | 2 3 |  3.7
Fighting       | 1 2 3 |  3.1
Armour         | 1 2 3 |  3.2
Staves         | 1 2 3 |  3.3
Conjurations   | 1 2 3 |  3.4
Fire Magic     | 1 2 |  2.0
Stealth        | |  1.7

Action                   |  1- 3 |  4- 6 |  7- 9 || total
-------------------------+-------+-------+-------++-------
Melee: Unarmed           |    13 |       |       ||    13
       Dagger            |    33 |    41 |       ||    74
       Punch             |       |     1 |     1 ||     2
       Staff             |       |    23 |    60 ||    83
 Cast: Sting             |    97 |    59 |    53 ||   209
       Olgreb's Toxic Ra |       |       |     4 ||     4
       Ignite Poison     |       |       |     3 ||     3
  Use: Scroll            |     3 |     1 |       ||     4
 Stab: Sleeping          |       |     3 |       ||     3
Armor: Robe              |     3 |       |       ||     3
       Leather armour    |     7 |    23 |    27 ||    57
Dodge: Dodged            |    29 |    41 |    38 ||   108
Block: Other             |     9 |    29 |    20 ||    58
       Reflection        |     2 |       |     2 ||     4
